 Dungeon Crawl Stone Soup version 0.27.1-33-g824d729ab1 (webtiles) character file.

Game seed: 14963428081050868580

1510935 Walther the Executioner (level 27, 253/268 HPs)
             Began as a Minotaur Berserker on Nov 18, 2021.
             Was a High Priest of Trog.
             Escaped with the Orb
             ... and 3 runes on Dec 1, 2021!
             The game lasted 12:13:39 (92560 turns).

Walther the Executioner (Minotaur Berserker)       Turns: 92560, Time: 12:13:40

Health: 253/268    AC: 44    Str: 28    XL:     27
Magic:  4/4        EV: 21    Int:  9    God:    Trog [*****.]
Gold:   185        SH:  0    Dex: 21    Spells: 26/26 levels left

rFire    + + +     SeeInvis +   Q - +5 executioner's axe (antimagic)
rCold    + + .     Faith    .   (shield currently unavailable)
rNeg     + + .     Spirit   .   p - +6 plate armour {rC+}
rPois    +         Reflect  .   (helmet unavailable)
rElec    +         Harm     .   c - +2 cloak {rPois}
rCorr    +         Rampage  .   z - +2 pair of gloves "Xoala" {rCorr Dex+5}
Will     +++++     Rnd*Rage +   l - +2 pair of boots
Stlth    ..........             W - amulet of Arrival {rF+ rN++ Regen+ Int+4}
HPRegen  2.54/turn              n - ring "Xofruytz" {rF+++ Will+ MP-9 SInv Stlth-}
MPRegen  0.09/turn              i - +4 ring of protection

@: mighty, resistant, strong-willed, regenerating
A: horns 3, retaliatory headbutt, talons 1, berserk 1, electricity resistance,
subdued magic 1
0: Orb of Zot
}: 3/15 runes: decaying, serpentine, slimy
a: Renounce Religion, Berserk, Trog's Hand, Brothers in Arms


You escaped.
You worshipped Trog.
Trog was extremely pleased with you.
You visited 12 branches of the dungeon, and saw 58 of its levels.
You visited the Abyss 1 time.
You visited 2 bazaars.
You also visited: Ossuary.

You collected 7791 gold pieces.
You spent 7606 gold pieces at shops.

Inventory:

Hand Weapons
 e - a +4 vampiric battleaxe
 q - the +8 broad axe of the Witching Traitor {freeze, Int+4}
   (You took it off a deep elf pyromancer on level 3 of the Elven Halls)

   It freezes those it strikes, dealing additional cold damage.
   It can also slow down cold-blooded creatures.
   Int:       It affects your intelligence (+4).
 r - a +3 antimagic battleaxe
 s - a +6 battleaxe of freezing
 Q - a +5 antimagic executioner's axe (weapon)
 U - the +7 broad axe "Ravanno" {vorpal, rF+ Str+3 Dex+4 Stlth+}
   (Trog gifted it to you on level 4 of the Swamp)

   It inflicts extra damage upon your enemies.
   Str:       It affects your strength (+3).
   Dex:       It affects your dexterity (+4).
   rF:        It protects you from fire.
   Stlth:     It makes you more stealthy.
Armour
 c - a +2 cloak of poison resistance (worn)
 l - a +2 pair of boots (worn)
 p - a +6 plate armour of cold resistance (worn)
 z - the +2 pair of gloves "Xoala" (worn) {rCorr Dex+5}
   (You bought it in a shop on level 2 of the Orcish Mines)

   Dex:       It affects your dexterity (+5).
   rCorr:     It protects you from acid and corrosion.
 M - a +2 hat of willpower
Jewellery
 a - a +4 ring of evasion
 g - a ring of magical power
 i - a +4 ring of protection (right hand)
 m - the ring "Puhemegg" {Drain Fly rN+ Str+6 Slay-5}
   (You found it on level 3 of the Crypt)

   [ring of positive energy]

   Str:       It affects your strength (+6).
   Slay:      It affects your accuracy & damage with ranged weapons and melee
   (-5).
   rN:        It protects you from negative energy.
   Fly:       It grants you flight.
   Drain:     It drains your maximum health when unequipped.
 n - the ring "Xofruytz" (left hand) {rF+++ Will+ MP-9 SInv Stlth-}
   (You bought it in a shop in a bazaar)

   [ring of willpower]

   rF:        It renders you almost immune to fire.
   MP:        It affects your magic capacity (-9).
   SInv:      It lets you see invisible.
   Will:      It increases your willpower.
   Stlth:     It makes you less stealthy.
 o - a +6 ring of dexterity
 w - the ring of Juixka {rElec rCorr Str+5}
   (You found it on level 8 of the Dungeon)

   [ring of resist corrosion]

   Str:       It affects your strength (+5).
   rElec:     It insulates you from electricity.
   rCorr:     It protects you from acid and corrosion.
 I - an amulet of faith
 O - a ring of protection from cold
 R - the ring of Obaef {rN+ Dex+3}
   (You found it on level 3 of the Crypt)

   [ring of positive energy]

   Dex:       It affects your dexterity (+3).
   rN:        It protects you from negative energy.
 S - the ring "Tuucw" {Contam rC+ rN++ AC+4}
   (You took it off a deep elf archer on level 3 of the Elven Halls)

   [ring of protection]

   AC:        It affects your AC (+4).
   rC:        It protects you from cold.
   rN:        It greatly protects you from negative energy.
   Contam:    It causes magical contamination when unequipped.
 T - a +4 ring of protection
 V - a ring of ice
 W - the amulet of Arrival (around neck) {rF+ rN++ Regen+ Int+4}
   (You found it on level 3 of the Crypt)

   [amulet of regeneration]

   Int:       It affects your intelligence (+4).
   rF:        It protects you from fire.
   rN:        It greatly protects you from negative energy.
   Regen:     It increases your rate of health regeneration.
 X - a +4 ring of slaying
Wands
 t - a wand of charming (4)
 v - a wand of digging (11)
 y - a wand of paralysis (33)
 D - a wand of mindburst (59)
 F - a wand of iceblast (17)
 G - a wand of acid (25)
 H - a wand of flame (35)
 J - a wand of polymorph (30)
Scrolls
 h - 2 scrolls of fear
 k - 35 scrolls of identify
 u - 5 scrolls of fog
 L - a scroll of summoning
Potions
 b - 11 potions of curing
 f - a potion of haste
 j - a potion of invisibility
 x - 3 potions of cancellation
 A - 2 potions of resistance
 B - 4 potions of might
 E - 2 potions of flight
 N - a potion of ambrosia
Miscellaneous
 d - a phantom mirror
 C - a phial of floods
 K - a lightning rod (4/4)
 P - a box of beasts
 Z - a condenser vane


   Skills:
 + Level 25.6 Fighting
 - Level 26.0 Axes
 - Level 15.9 Throwing
 + Level 25.6 Armour
 + Level 18.8 Dodging
 + Level 19.5 Evocations


You had 26 spell levels left.
You didn't know any spells.
Your spell library was empty.

Dungeon Overview and Level Annotations

Branches:
Dungeon (15/15)            Temple (1/1) D:7            Lair (6/6) D:8
  Swamp (4/4) Lair:2        Snake (4/4) Lair:4        Slime (5/5) Lair:5
    Orc (2/2) D:9             Elf (3/3) Orc:2        Vaults (5/5) D:13
  Crypt (3/3) Vaults:2       Tomb (0/3) Crypt:3      Depths (5/5) D:15
    Zot (5/5) Depths:5    Ossuary (visited)

Altars:
Ashenzari
Cheibriados
Dithmenos
Elyvilon
Fedhas
Gozag
Hepliaklqana
Kikubaaqudgha
Makhleb
Nemelex Xobeh
Okawaru
Qazlal
Ru
Sif Muna
Trog
Uskayaw
Vehumet
Wu Jian
Xom
Yredelemnul
Zin
The Shining One
Jiyva

Shops:
D:1 :   D:4 (   D:8 [   D:11 (   D:14 [   D:15 *   Orc:1 (   Orc:2 =[[:
Elf:1 *   Elf:2 *   Snake:1 =   Vaults:3 =   Vaults:4 *   Depths:1 *
Depths:2 :=:   Depths:3 ((*   Depths:4 =   Depths:5 *

Portals:
Hell: Depths:1 Depths:2 Depths:3 Depths:4 Depths:5
Abyss: Depths:2 Depths:4
Pandemonium: Depths:2 Depths:3 Depths:5
Ziggurat: Depths:4
Trove: Vaults:4 (give +5 ice dragon scales)

Annotations:
Lair:4 exclusion: 3 oklob plants
Lair:6 exclusion: obsidian statue
Vaults:4 Mennas
Crypt:2 3 runed translucent doors, Hesody's ghost, master GnTm
Depths:1 2 transporters, ptr's ghost, journeyman FeFE
Depths:4 exclusion: orange crystal statue


Innate Abilities, Weirdness & Mutations

You have a pair of large horns on your head.
You reflexively headbutt those who attack you in melee.
You have sharp toenails.
You tend to lose your temper in combat.
You are resistant to electric shocks. (rElec)
Your spells are a little easier to cast, but a little less powerful.


Message History

You kill the Orb Guardian!
Trog accepts your kill. The hellion gestures at you.
The sphere of damnation explodes!
The damnation engulfs you!! The hellion gestures at you.
The sphere of damnation explodes!
The damnation engulfs you!!
You climb upwards.
There is a stone staircase leading down here.
Aiming: Dig
Press: ? - help, Shift-Dir - straight line A rock wall.
This square is covered in magical glow.
The rock shatters into small pieces.
There is a stone staircase leading up here.
You are confused.
You feel invigorated.
You start resting.
You feel less invigorated.
You feel less confused.
You start resting.
An Orb Guardian comes into view.
You climb upwards.
There is a stone staircase leading down here.
There is an open door here.
There is an open door here.
There is a stone staircase leading up here.
You climb upwards.
There is a stone staircase leading down here.
A torturous demonspawn comes into view. It is wielding a +0 great sword.
There is an escape hatch in the ceiling here.
A mysterious force pulls you upwards. The hatch slams shut behind you.
You feel protected.
An Orb Guardian comes into view.
There is a staircase leading out of the dungeon here.
You feel very mighty all of a sudden.
Your skin crawls.
You feel strong-willed.
The Orb Guardian hits you but does no damage.
The Orb Guardian hits you!
You have escaped!

######.##### ###.### #.#
#...
...........###.....## #.#
#...
######.###.##...#...###.#
####
..#......#.#...###...##.#
#.#........#...# #...##.#
#'####.#..##..#####..##.#
....##.##.#...........#.#
..........#...........#.#
....##.####.⌠..X@...⌠.#.#
..#...>...#...........#.#
#####)###.#...........#.#
#.....# #.####..#..####.#
#.#...# #....##...##....#
#.#..####.##'#.....#'####
#.#.......#......#.....#
#.#.#######...#.##.....#
#.#÷# #...#.##.....#


You could see an Orb Guardian.

Vanquished Creatures
  the Royal Jelly (Slime:5)
  2 orbs of fire
  2 ancient liches (Zot:5)
  3 dread liches
  2 Killer Klowns (Zot:5)
  Saint Roka (Depths:1)
  Vashnia (Snake:2)
  A curse toe (Zot:4)
  5 caustic shrikes (Depths:2)
  A pandemonium lord (Zot:5)
  6 golden dragons
  A profane servitor (Crypt:3)
  2 bone dragons
  the Enchantress (Depths:1)
  Jorgrun (D:14)
  3 electric golems
  2 Tzitzimimeh
  9 tentacled monstrosities
  7 liches
  25 Orb Guardians
  9 quicksilver dragons
  3 deep elf blademasters
  13 acid blobs
  2 deep elf master archers (Elf:3)
  Frances (Elf:1)
  A tentacled starspawn (Abyss:3)
  7 death cobs
  4 tengu reavers
  2 Executioners
  2 sphinxes (Vaults:4)
  An ancient champion (Crypt:3)
  10 storm dragons
  Kirke (D:13)
  Roxanne (Snake:4)
  Donald (Snake:4)
  10 shadow dragons
  6 nagarajas
  4 draconian monks
  2 fenstrider witches
  4 fire giants
  9 azure jellies
  2 rockslimes (Slime:5)
  4 deep elf sorcerers
  Louise (Swamp:2)
  6 revenants
  A cacodemon (Abyss:3)
  4 frost giants
  11 vault wardens
  4 draconian shifters
  8 draconian scorchers
  9 draconian knights
  3 spectral caustic shrikes
  2 orc warlords
  2 ghost moths
  Aizul (Snake:3)
  A curse skull (Crypt:1)
  An iron dragon (Depths:5)
  3 spriggan defenders (D:15)
  4 deep elf elementalists (Elf:3)
  2 draconian stormcallers
  6 draconian annihilators
  A war gargoyle (Vaults:2)
  6 ghouls
  2 quicksilver oozes (Slime:5)
  10 black draconians
  14 very ugly things
  7 deep elf demonologists
  3 vampire knights
  17 stone giants
  4 starcursed masses (Abyss:3)
  Nessos (Lair:4)
  14 green draconians
  17 ironbound preservers
  7 red draconians
  A spark wasp (Depths:2)
  6 deep elf annihilators
  2 entropy weavers (Vaults:1)
  5 bunyips
  2 lorocyprocas
  5 white draconians
  3 yellow draconians
  8 purple draconians
  5 dire elephants
  4 eidola
  13 ettins
  A merfolk javelineer (Depths:1)
  3 deep elf high priests (Elf:3)
  11 deep elf death magi
  A merfolk impaler (Depths:1)
  5 fire dragons
  18 jiangshi
  Josephine (D:9)
  3 eleionomae
  2 rakshasas (Depths:1)
  7 boulder beetles
  18 naga warriors
  2 shambling mangroves (Swamp:4)
  8 yaktaur captains
  7 ice dragons
  A peacekeeper (Vaults:2)
  6 ironbound thunderhulks
  6 spriggan air magi
  22 hydras
  7 great orbs of eyes
  2 salamander tyrants (Snake:4)
  22 vault guards
  24 centaur warriors
  14 ironbound frosthearts
  A catoblepas (D:15)
  10 two-headed ogres
  An ogre mage (D:14)
  A ghost crab (Swamp:1)
  7 anacondas
  8 death knights
  26 dancing weapons
  2 deep troll shamans (Depths:1)
  10 tengu warriors
  7 deep troll earth magi
  A death yak (Lair:6)
  7 alligators
  6 spriggan berserkers
  2 thrashing horrors (Abyss:3)
  8 vampire magi
  A soul eater (Depths:3)
  14 naga sharpshooters
  8 hell knights
  A spectral dire elephant (Lair:6)
  27 deep elf knights
  5 shock serpents
  6 orc high priests
  2 ironbound beastmasters
  Nergalle (D:11)
  A titan skeleton (Crypt:1)
  2 iron trolls
  2 wretched stars (Abyss:3)
  The ghost of Laummuim the Gouger, a journeyman FeFi of Fedhas (Lair:4)
  5 shadow wraiths
  3 salamander mystics
  2 golden dragon zombies
  3 sixfirhies
  A spark wasp zombie (Depths:2)
  A storm dragon skeleton (Crypt:2)
  66 deep trolls
  23 skeletal warriors
  2 goliath frogs (Swamp:1)
  3 glowing orange brains
  6 flayed ghosts
  3 spriggan druids
  9 swamp dragons
  15 wizards
  8 bog bodies
  A sea snake (Snake:4)
  A spectral anaconda (Lair:6)
  An anaconda zombie (Crypt:2)
  18 deep elf archers
  Pikel (D:5)
  22 deep elf pyromancers
  12 phantasmal warriors
  30 deep elf zephyrmancers
  4 naga ritualists
  10 necromancers
  3 lindwurms (Vaults:3)
  11 ironbound convokers
  11 orc knights
  A wolf spider (D:12)
  2 frost giant zombies
  14 mana vipers
  18 salamanders
  2 fire giant zombies
  3 shining eyes (Slime:3)
  An eleionoma zombie (Crypt:1)
  54 ugly things
  7 cyclopes
  5 will-o-the-wisps
  8 orc sorcerers
  2 manticores
  Joseph (D:8)
  A dire elephant zombie (Lair:6)
  28 elephants
  An elf zombie (Vaults:4)
  8 guardian serpents
  20 moths of wrath
  11 naga magi
  An apocalypse crab (Abyss:3)
  39 black mambas
  A centaur zombie (D:11)
  A rust devil (Depths:3)
  A fire giant skeleton (Vaults:4)
  4 gargoyles
  12 vault sentinels
  2 smoke demons
  5 cane toads
  A black draconian zombie (Crypt:2)
  2 efreet
  An unseen horror (D:13)
  3 rime drakes
  11 komodo dragons
  11 freezing wraiths
  An ice devil (Depths:3)
  A hellion (D:15)
  23 yaktaurs
  A human zombie (Vaults:4)
  2 ancient zymes (Abyss:3)
  A catoblepas skeleton (Crypt:2)
  A minotaur skeleton (Crypt:2)
  A sea snake zombie (Crypt:1)
  A kobold demonologist (D:13)
  3 hellwings
  4 tengu conjurers
  4 trolls
  A meliai (shapeshifter) (Elf:2)
  A yaktaur skeleton (Vaults:3)
  A harpy zombie (Crypt:2)
  2 red devils
  A bloated husk (Swamp:4)
  A tengu simulacrum (Vaults:3)
  7 tyrant leeches
  2 hornets (Swamp:4)
  44 slime creatures
  A hydra zombie (Crypt:2)
  An alligator zombie (Crypt:2)
  A human simulacrum (Vaults:3)
  A fire dragon zombie (Crypt:1)
  13 blink frogs
  4 shadows (Crypt:3)
  49 flying skulls
  4 redbacks (Vaults:1)
  3 vampires
  18 wraiths
  2 air elementals
  5 spriggans
  10 water elementals
  A ynoxinul (Depths:3)
  2 wyverns
  29 yaks
  A steam dragon (D:10)
  3 fire elementals
  6 golden eyes (Slime:5)
  A yaktaur simulacrum (Vaults:4)
  6 basilisks
  A neqoxec (Depths:3)
  A human (D:13)
  4 hogs (D:13)
  3 chaos spawn
  A death yak simulacrum (Lair:6)
  8 vampire mosquitoes
  A merfolk zombie (Crypt:2)
  8 large abominations
  A spectral cane toad (Lair:6)
  53 nagas
  12 wargs
  18 swamp worms
  20 water moccasins
  A torturous demonspawn skeleton (Crypt:2)
  3 acid dragons
  5 hell hounds (Abyss:3)
  6 swamp drakes
  A sky beast (D:5)
  A deep troll skeleton (Crypt:2)
  38 orc warriors
  2 black bears
  An elephant zombie (Lair:6)
  A fire dragon simulacrum (Crypt:2)
  An ettin simulacrum (Vaults:2)
  8 wolves
  4 boggarts
  3 elephant skeletons (Lair:6)
  10 ogres
  6 necrophages
  4 lemures (D:5)
  7 centaurs
  6 human skeletons
  A manticore skeleton (Crypt:1)
  A snapping turtle skeleton (Crypt:2)
  2 kobold brigands
  A yaktaur zombie (Crypt:2)
  15 bullfrogs
  6 scorpions
  A gnoll sergeant (D:12)
  2 earth elementals
  3 small abominations
  A cyclops skeleton (Crypt:2)
  A water moccasin zombie (D:5)
  2 water moccasin skeletons
  A troll zombie (Swamp:1)
  3 killer bees (D:8)
  4 wights (D:7)
  A yak skeleton (Crypt:1)
  A raiju skeleton (Crypt:1)
  6 howler monkeys
  3 troll skeletons (Swamp:1)
  A lava snake (D:13)
  A quasit (Abyss:3)
  A hound (D:5)
  A jelly (D:5)
  Crazy Yiuf (D:6)
  31 orc priests
  A centaur skeleton (D:6)
  2 bullfrog skeletons
  A gnoll shaman (D:6)
  4 iguanas
  23 orc wizards
  2 killer bee zombies
  A hound zombie (D:5)
  2 hound skeletons (D:4)
  12 mummies (Ossuary)
  14 gnolls
  9 adders
  A white imp (D:5)
  3 worms
  A dart slug (D:2)
  83 orcs
  5 bats
  6 endoplasms
  3 giant cockroaches
  7 goblins
  3 hobgoblins
  12 ball pythons
  4 frilled lizards (D:1)
  2 gnoll skeletons (Ossuary)
  2 goblin zombies (D:4)
  15 kobolds
  5 kobold skeletons (Ossuary)
  An orc skeleton (Ossuary)
  9 rats
  11 rat skeletons (Ossuary)
  A fire vortex (D:13)
2156 creatures vanquished.

Vanquished Creatures (collateral kills)
  2 orbs of fire (Zot:5)
  Sojobo (Vaults:4)
  A tentacled monstrosity (Zot:5)
  A vault warden (Vaults:4)
  A nagaraja (Snake:4)
  A frost giant (D:15)
  3 deep elf sorcerers
  A green draconian (Zot:4)
  A quicksilver ooze (Slime:5)
  A vampire knight (Crypt:3)
  A deep elf demonologist (Elf:3)
  A black draconian (Zot:4)
  A deep elf annihilator (Elf:1)
  A deep elf high priest (Elf:3)
  An ironbound thunderhulk (Vaults:1)
  3 vault guards (Vaults:5)
  A hydra (Lair:3)
  A salamander tyrant (Snake:2)
  A deep troll shaman (Depths:2)
  A deep troll earth mage (Depths:2)
  An ironbound beastmaster (Vaults:1)
  2 naga sharpshooters
  A deep elf knight (Elf:3)
  5 skeletal warriors (Crypt:3)
  A glowing orange brain (Vaults:1)
  2 deep trolls
  4 deep elf archers (Elf:1)
  2 wizards
  An ironbound convoker (Vaults:2)
  An orc knight (Vaults:2)
  A phantasmal warrior (Crypt:3)
  A necromancer (Crypt:3)
  3 deep elf pyromancers
  2 deep elf zephyrmancers (Elf:1)
  5 ugly things
  2 mana vipers
  A stone giant zombie (Crypt:3)
  4 salamanders
  A guardian serpent (Snake:4)
  2 black mambas
  A vault sentinel (Vaults:4)
  2 naga magi
  3 yaktaurs
  2 slime creatures (Slime:5)
  8 flying skulls (Crypt:3)
  An air elemental (Elf:1)
  4 yaks
  A naga (Snake:3)
  A spectral troll (Crypt:3)
  2 orc warriors (Vaults:2)
  A wolf (Lair:4)
  An earth elemental (Elf:3)
  An elf skeleton (Crypt:3)
  An orc priest (Vaults:2)
  An orc (Vaults:2)
  2 kobolds (D:10)
99 creatures vanquished.

Vanquished Creatures (others)
  A death cob (Zot:4)
  A white draconian (Zot:4)
  A centaur warrior (Vaults:2)
  A naga sharpshooter (Snake:3)
  A necromancer (Vaults:2)
  A black mamba (Snake:3)
  2 bloated husks
  2 water elementals (Depths:4)
  2 humans (D:13)
  A swamp worm (Swamp:1)
  A small abomination (Abyss:3)
  An orc (Orc:2)
  17 foxfires
  41 fungi
  39 plants
  2 starspawn tentacles (Abyss:3)
  30 withered plants (Lair:6)
144 creatures vanquished.

Grand Total: 2399 creatures vanquished

Notes
Turn   | Place    | Note
-------+----------+-------------------------------------------
     0 | D:1      | Walther the Minotaur Berserker began the quest for the Orb.
     0 | D:1      | Reached XP level 1. HP: 19/19 MP: 0/0
   193 | D:1      | Reached XP level 2. HP: 26/27 MP: 1/1
   460 | D:1      | Found Teedimpee's Book Shoppe.
   528 | D:1      | Found a faded altar of an unknown god.
   729 | D:2      | Reached skill level 4 in Axes
   742 | D:2      | Reached ** piety under Trog
   743 | D:2      | Reached XP level 3. HP: 5/33 MP: 2/2
  1275 | D:2      | Identified 2 scrolls of acquirement
  1275 | D:2      | Acquired a +1 hat of willpower
  1276 | D:2      | Acquired a +1 cloak of poison resistance
  1813 | D:3      | Noticed a scorpion
  1823 | D:3      | Killed a scorpion
  1824 | D:3      | Reached XP level 4. HP: 31/41 MP: 3/3
  2095 | D:3      | Reached XP level 5. HP: 47/47 MP: 4/4
  2659 | D:3      | Reached skill level 5 in Fighting
  2659 | D:3      | Reached skill level 5 in Axes
  2860 | D:4      | Found Ylakhlog's Antique Weapon Boutique.
  2913 | D:4      | Reached XP level 6. HP: 56/56 MP: 5/5
  3355 | D:4      | Found a sand-covered staircase.
  3369 | Ossuary  | Entered an ossuary
  3438 | Ossuary  | Reached *** piety under Trog
  3726 | Ossuary  | Acquired a +0 pair of gloves of strength
  3750 | Ossuary  | Reached skill level 5 in Armour
  3928 | Ossuary  | Reached XP level 7. HP: 62/62 MP: 6/6
  4283 | D:5      | Entered Level 5 of the Dungeon
  4444 | D:5      | Found a radiant altar of Vehumet.
  4444 | D:5      | Found a shimmering blue altar of Sif Muna.
  4448 | D:5      | Noticed a troll
  4457 | D:5      | Killed a troll
  4458 | D:5      | Reached skill level 6 in Axes
  4458 | D:5      | Reached skill level 5 in Dodging
  4709 | D:5      | Reached XP level 8. HP: 71/71 MP: 7/7
  4835 | D:5      | Found a shimmering altar of Xom.
  4934 | D:5      | Noticed Pikel
  4960 | D:5      | Killed Pikel
  4961 | D:5      | Reached skill level 7 in Axes
  5890 | D:6      | Reached **** piety under Trog
  5891 | D:6      | Reached XP level 9. HP: 81/81 MP: 8/8
  5945 | D:6      | Reached skill level 8 in Axes
  6130 | D:6      | Found a glowing golden altar of the Shining One.
  6183 | D:6      | Found an ancient bone altar of Kikubaaqudgha.
  6213 | D:6      | Noticed a cyclops
  6222 | D:6      | Killed a cyclops
  6455 | D:6      | Found a runed translucent door.
  6456 | D:6      | Noticed Crazy Yiuf
  6848 | D:6      | Killed Crazy Yiuf
  6943 | D:7      | Found a staircase to the Ecumenical Temple.
  7226 | D:7      | Reached skill level 9 in Axes
  7240 | D:7      | Found a shadowy altar of Dithmenos.
  7924 | D:8      | Noticed Joseph
  7938 | D:8      | Killed Joseph
  7939 | D:8      | Reached skill level 10 in Axes
  7939 | D:8      | Reached XP level 10. HP: 43/91 MP: 3/9
  8273 | D:8      | Identified the ring of Juixka {rElec rCorr Str+5}
  8758 | D:8      | Reached skill level 11 in Axes
  8769 | D:8      | Found Kych's Antique Armour Boutique.
  8772 | D:8      | Bought a pair of embroidered boots for 142 gold pieces
  8995 | D:8      | Found a staircase to the Lair.
  9164 | D:9      | Found a staircase to the Orcish Mines.
  9171 | D:9      | Reached skill level 12 in Axes
  9171 | D:9      | Noticed a two-headed ogre
  9184 | D:9      | Killed a two-headed ogre
  9185 | D:9      | Reached skill level 13 in Axes
  9564 | D:9      | Reached ***** piety under Trog
  9849 | D:9      | Identified the +1 flail of Hepi {pain, Fly Dex+2}
 10023 | D:10     | Entered Level 10 of the Dungeon
 10124 | D:10     | Identified the +9 short sword "Laodici" {vorpal, rC+ rN+
                  | Str+4}
 10232 | D:10     | Noticed Josephine
 10247 | D:9      | Reached skill level 14 in Axes
 10279 | D:9      | Killed Josephine
 10280 | D:9      | Reached XP level 11. HP: 93/97 MP: 3/10
 11380 | Lair:1   | Entered Level 1 of the Lair of Beasts
 11460 | Lair:1   | Reached skill level 15 in Axes
 12564 | Lair:2   | Found a staircase to the Swamp.
 12605 | Lair:2   | Reached skill level 10 in Fighting
 12655 | Lair:2   | Reached skill level 10 in Armour
 13069 | Lair:2   | Identified the ring of Efyefy {rC- Will+ EV+4 Str+2 SInv}
 13211 | Lair:2   | You fall into a shaft and drop 1 floor!
 13235 | Lair:3   | Noticed a six-headed hydra
 13244 | Lair:3   | Killed a six-headed hydra
 13245 | Lair:3   | Reached XP level 12. HP: 97/108 MP: 3/11
 13350 | Lair:2   | Noticed a four-headed hydra
 13358 | Lair:2   | Killed a four-headed hydra
 13527 | Lair:2   | Reached skill level 10 in Dodging
 14957 | Lair:4   | Found a staircase to the Snake Pit.
 14988 | Lair:4   | Found a large runed translucent door.
 14988 | Lair:4   | Found a large runed translucent door.
 14990 | Lair:4   | Noticed Laummuim's ghost (journeyman FeFi)
 14998 | Lair:4   | Killed Laummuim's ghost
 15279 | Lair:4   | Noticed Nessos
 15288 | Lair:4   | Killed Nessos
 15442 | Lair:4   | Found a sacrificial altar of Ru.
 16067 | Lair:5   | Identified the +2 great sword of Xomotzya {venom, Fly rPois
                  | rCorr Dex-4}
 16082 | Lair:5   | Noticed a boulder beetle
 16107 | Lair:5   | Killed a boulder beetle
 16108 | Lair:5   | Reached XP level 13. HP: 72/119 MP: 4/12
 16480 | Lair:5   | Identified the +7 shortbow of Luxury {freeze, Fly rC+
                  | Will+++ Str-2}
 17319 | Lair:5   | Found a viscous altar of Jiyva.
 17319 | Lair:5   | Found a staircase to the Slime Pits.
 17453 | Lair:6   | Entered Level 6 of the Lair of Beasts
 18024 | Lair:6   | Noticed a dire elephant
 18024 | Lair:6   | Noticed a dire elephant
 18024 | Lair:6   | Noticed a dire elephant
 18200 | Lair:6   | Identified the amulet "Pacumiho" {RegenMP Int+4 Slay+2}
 18715 | Lair:6   | Identified the +11 mace "Tuiph" {venom, Fragile rF+ Will+
                  | Int+9}
 19099 | Lair:6   | Reached skill level 16 in Axes
 19549 | Lair:6   | Killed a dire elephant
 19558 | Lair:6   | Killed a dire elephant
 19629 | Lair:6   | Killed a dire elephant
 19908 | D:8      | Upgraded the game from 0.27.1-4-g1640c2035a to
                  | 0.27.1-15-g792fb953b9
 19955 | Temple   | Entered the Ecumenical Temple
 20231 | D:11     | Found Oleal's Weapon Boutique.
 20350 | D:11     | Reached XP level 14. HP: 120/130 MP: 4/13
 20974 | D:11     | Noticed Nergalle
 20984 | D:11     | Killed Nergalle
 20985 | D:11     | Reached skill level 1 in Evocations
 23603 | D:13     | Noticed Kirke
 23614 | D:13     | Killed Kirke
 24096 | D:13     | Reached skill level 17 in Axes
 24157 | D:13     | Found a gate to the Vaults.
 24770 | Orc:1    | Entered Level 1 of the Orcish Mines
 24770 | Orc:1    | Found Tewah's Weapon Emporium.
 25405 | Orc:2    | Entered Level 2 of the Orcish Mines
 26141 | Orc:2    | Reached XP level 15. HP: 102/139 MP: 4/14
 26848 | Orc:1    | Upgraded the game from 0.27.1-15-g792fb953b9 to
                  | 0.27.1-33-g824d729ab1
 27317 | Orc:1    | Received a gift from Trog
 27526 | Orc:2    | Identified the +0 chain mail of Grot {Str+2}
 27532 | Orc:1    | Reached skill level 15 in Fighting
 27993 | Orc:2    | Noticed an orc warlord
 28001 | Orc:2    | Killed an orc warlord
 28202 | Orc:2    | Identified the +5 quarterstaff of Doubt {pain, Will++ Str+2
                  | Stlth+}
 28833 | Orc:2    | Noticed an orc warlord
 28845 | Orc:2    | Gained mutation: Your body sometimes deteriorates upon
                  | taking damage. [a neqoxec]
 29031 | Orc:1    | Killed an orc warlord
 29032 | Orc:1    | Reached skill level 15 in Armour
 29986 | Orc:2    | Reached skill level 5 in Evocations
 29996 | Orc:2    | Identified the +8 chain mail of the King of the Hill
                  | {Int+5}
 31443 | Orc:2    | Found Jijej's Jewellery Emporium.
 31443 | Orc:2    | Found Xeatosua's Book Shop.
 31452 | Orc:2    | Found Sucocomn's Armour Emporium.
 31452 | Orc:2    | Found Echuegg's Armour Shop.
 31461 | Orc:2    | Bought the +2 pair of gloves "Xoala" {rCorr Dex+5} for 601
                  | gold pieces
 31592 | Orc:2    | Found a staircase to the Elven Halls.
 34771 | D:14     | Noticed Jorgrun
 35249 | D:14     | Killed Jorgrun
 35583 | D:14     | Found an iron altar of Okawaru.
 35587 | D:14     | Found Wohuofro's Armour Shop.
 35957 | D:15     | Entered Level 15 of the Dungeon
 37511 | D:15     | Identified the +4 scale mail "Maicob" {rF- rC+ Str+4
                  | Slay+3}
 37525 | D:15     | Reached skill level 18 in Axes
 38274 | D:15     | Found Vonapesu's Overcharged Wands.
 38601 | D:15     | Found a staircase to the Depths.
 38601 | D:15     | Noticed a frost giant
 38607 | D:15     | Killed a frost giant
 39135 | D:15     | Reached XP level 16. HP: 147/151 MP: 5/15
 39360 | Swamp:1  | Entered Level 1 of the Swamp
 40534 | Swamp:2  | Acquired a manual of Evocations
 40639 | Swamp:2  | Reached skill level 15 in Dodging
 41110 | Swamp:2  | Received a gift from Trog
 41285 | Swamp:2  | Identified the +6 short sword "Jatisish" {vorpal, +Blink}
 41314 | Swamp:2  | Noticed Louise
 41334 | Swamp:2  | Killed Louise
 42912 | Swamp:4  | Entered Level 4 of the Swamp
 43594 | Swamp:4  | Reached skill level 19 in Axes
 43594 | Swamp:4  | Reached XP level 17. HP: 150/161 MP: 16/16
 43853 | Swamp:4  | Identified the +7 broad axe "Ravanno" {vorpal, rF+ Str+3
                  | Dex+4 Stlth+} (Trog gifted it to you on level 4 of the
                  | Swamp)
 43853 | Swamp:4  | Received a gift from Trog
 44068 | Swamp:4  | Got a decaying rune of Zot
 44310 | Snake:1  | Entered Level 1 of the Snake Pit
 44420 | Snake:1  | Found Zupsuat's Jewellery Shop.
 45502 | Snake:2  | Noticed Vashnia
 45778 | Snake:2  | Reached skill level 10 in Evocations
 45781 | Snake:2  | Killed Vashnia
 46331 | Snake:3  | Noticed Aizul
 46610 | Snake:3  | Killed Aizul
 46680 | Snake:3  | Found a flickering gateway to a bazaar.
 46691 | Bazaar   | Entered a bazaar
 46708 | Bazaar   | Found Kacabriy's Jewellery Emporium.
 46708 | Bazaar   | Found Naut's Jewellery Emporium.
 46709 | Bazaar   | Found Inuk's Magic Scroll Boutique.
 46740 | Bazaar   | Found Cyino's Book Shop.
 46792 | Bazaar   | Bought the ring "Xofruytz" {rF+++ Will+ MP-9 SInv Stlth-}
                  | for 305 gold pieces
 46792 | Bazaar   | Bought a +4 ring of slaying for 468 gold pieces
 46807 | Bazaar   | Bought a scroll of brand weapon for 240 gold pieces
 46807 | Bazaar   | Bought a scroll of acquirement for 624 gold pieces
 46830 | Bazaar   | Bought a +4 ring of protection for 216 gold pieces
 46855 | Bazaar   | Bought a scroll of silence for 90 gold pieces
 47149 | Snake:3  | Received a gift from Trog
 47296 | Snake:3  | Reached XP level 18. HP: 161/171 MP: 8/17
 47296 | Snake:3  | Acquired 309 gold pieces
 47680 | Snake:4  | Entered Level 4 of the Snake Pit
 47706 | Snake:4  | Reached skill level 1 in Throwing
 48009 | Snake:4  | Found a flickering gateway to a bazaar.
 48030 | Snake:4  | Noticed Roxanne
 48043 | Snake:4  | Killed Roxanne
 48064 | Bazaar   | Entered a bazaar
 48091 | Bazaar   | Found Laxalem's Distillery.
 48091 | Bazaar   | Found Jifru's Distillery.
 48113 | Bazaar   | Found Anampa's Antique Armour Emporium.
 48129 | Bazaar   | Found Inie's Antique Weapon Shoppe.
 48227 | Bazaar   | Bought a pair of runed boots for 195 gold pieces
 48247 | Bazaar   | Bought a potion of resistance for 80 gold pieces
 48247 | Bazaar   | Bought a potion of haste for 80 gold pieces
 48247 | Bazaar   | Bought a potion of heal wounds for 40 gold pieces
 48247 | Bazaar   | Bought a potion of curing for 24 gold pieces
 48247 | Bazaar   | Bought a potion of curing for 24 gold pieces
 48988 | Snake:4  | Reached skill level 20 in Axes
 48993 | Snake:4  | Received a gift from Trog
 49528 | Snake:4  | Noticed Donald
 49542 | Snake:4  | Killed Donald
 50042 | Snake:4  | Got a serpentine rune of Zot
 50316 | Elf:1    | Entered Level 1 of the Elven Halls
 50465 | Orc:2    | Reached skill level 5 in Throwing
 50832 | Elf:1    | Found Japoacze's General Store.
 50957 | Elf:1    | Reached XP level 19. HP: 125/181 MP: 9/18
 50957 | Elf:1    | Noticed Frances
 50974 | Elf:1    | Killed Frances
 51867 | Vaults:1 | Entered Level 1 of the Vaults
 53286 | Vaults:1 | Reached ****** piety under Trog
 53750 | Vaults:1 | Received a gift from Trog
 55662 | Vaults:2 | Reached XP level 20. HP: 177/192 MP: 10/19
 56063 | Vaults:2 | Reached skill level 21 in Axes
 56539 | Vaults:1 | Received a gift from Trog
 56721 | Vaults:2 | Found a staircase to the Crypt.
 59825 | Vaults:3 | Reached XP level 21. HP: 202/202 MP: 11/20
 60004 | Vaults:3 | Reached skill level 10 in Throwing
 60215 | Vaults:3 | Found Filoez's Jewellery Shoppe.
 60691 | Vaults:4 | Received a gift from Trog
 60770 | Vaults:4 | Noticed Sojobo
 60785 | Vaults:4 | Paralysed by an air elemental for 1 turns
 60787 | Vaults:4 | Paralysed by an air elemental for 1 turns
 60790 | Vaults:4 | Paralysed by an air elemental for 1 turns
 60929 | Vaults:4 | Killed Sojobo
 61231 | Vaults:4 | Found a portal to a secret trove of treasure.
 61343 | Vaults:4 | Found Keufy's Assorted Antiques.
 61352 | Vaults:4 | Bought a wand of flame (15) for 33 gold pieces
 61352 | Vaults:4 | Bought a scroll of magic mapping for 115 gold pieces
 61352 | Vaults:4 | Bought a wand of flame (6) for 33 gold pieces
 62172 | Crypt:1  | Entered Level 1 of the Crypt
 62276 | Crypt:1  | Reached skill level 22 in Axes
 62563 | Crypt:1  | Reached skill level 15 in Evocations
 63475 | Crypt:2  | Received a gift from Trog
 64096 | Crypt:2  | Reached XP level 22. HP: 169/206 MP: 12/21
 64420 | Crypt:2  | Found a runed translucent gate.
 64424 | Crypt:2  | Received a gift from Trog
 64442 | Crypt:2  | Found a runed translucent gate.
 64442 | Crypt:2  | Found an ancient bone altar of Kikubaaqudgha.
 64444 | Crypt:2  | Found a runed translucent gate.
 64444 | Crypt:2  | Noticed Hesody's ghost (master GnTm)
 64444 | Crypt:2  | Noticed an ancient lich
 64445 | Crypt:2  | Noticed an ancient lich
 64445 | Crypt:2  | Noticed a dread lich
 64633 | Crypt:3  | Entered Level 3 of the Crypt
 65016 | Crypt:3  | Found a basalt altar of Yredelemnul.
 65182 | Crypt:3  | Identified the amulet of Arrival {rF+ rN++ Regen+ Int+4}
 65182 | Crypt:3  | Identified the ring "Puhemegg" {Drain Fly rN+ Str+6 Slay-5}
 65182 | Crypt:3  | Identified the ring of Obaef {rN+ Dex+3}
 65353 | Crypt:3  | Identified the +0 helmet "Reqipaxt" {rC+ rCorr Str-3}
 65388 | Crypt:3  | Received a gift from Trog
 65464 | Crypt:3  | Identified the ring of Exhibitionism {Wiz *Corrode Int+2
                  | SInv}
 65530 | Crypt:3  | Found a staircase to the Tomb.
 65531 | Crypt:3  | Noticed a dread lich
 65540 | Crypt:3  | Killed a dread lich
 65561 | Crypt:3  | Found the macabre finger necklace {rN+}
 65619 | Crypt:3  | Identified the amulet "Muhirac" {Spirit Fragile Fly MP+9
                  | Int+3}
 65692 | Crypt:3  | Acquired 873 gold pieces
 66638 | Elf:2    | Found Moidyrap's Assorted Antiques.
 66657 | Elf:2    | Cast into level 3 of the Abyss (orc high priest)
 66792 | Abyss:3  | Found a corrupted altar of Lugonu.
 66869 | Abyss:3  | Gained mutation: You are frail. (-10% HP) [a cacodemon]
 66915 | Abyss:3  | Received a gift from Trog
 66939 | Elf:2    | Escaped the Abyss
 66978 | Elf:2    | Bought a scroll of magic mapping for 126 gold pieces
 66978 | Elf:2    | Bought a scroll of blinking for 270 gold pieces
 66978 | Elf:2    | Bought a wand of paralysis (10) for 72 gold pieces
 66978 | Elf:2    | Bought a potion of might for 144 gold pieces
 67198 | Elf:2    | Found a runed translucent gate.
 67199 | Elf:2    | Found a runed translucent gate.
 67199 | Elf:2    | Found a runed translucent gate.
 67315 | Elf:3    | Entered Level 3 of the Elven Halls
 67538 | Elf:3    | Paralysed by an air elemental for 1 turns
 67613 | Elf:3    | Reached XP level 23. HP: 171/199 MP: 13/22
 67618 | Elf:3    | Reached skill level 23 in Axes
 68852 | Depths:1 | Entered Level 1 of the Depths
 68930 | Depths:1 | Found Ligydu's Blood Bar.
 69032 | Depths:1 | Found a gateway to Hell.
 69092 | Depths:1 | Noticed Saint Roka
 69143 | Depths:1 | Killed Saint Roka
 69440 | Depths:1 | Found the ring of the Hare {EV+8}
 69961 | Depths:1 | Noticed the Enchantress
 69992 | Depths:1 | Killed the Enchantress
 70153 | Depths:1 | Found a one-way gate to the infinite horrors of the Abyss.
 70153 | Depths:1 | Found a transporter.
 70155 | Depths:1 | Noticed a dread lich
 70162 | Depths:1 | Found a transporter.
 70163 | Depths:1 | Noticed ptr's ghost (journeyman FeFE)
 70348 | Depths:1 | Identified the +0 robe "Futeon" {rC+ MP+9}
 70355 | Depths:1 | Received a gift from Trog
 71529 | Depths:2 | Found a one-way gate leading to the halls of Pandemonium.
 71732 | Depths:2 | Found Suschelib's Book Emporium.
 71732 | Depths:2 | Found Eregeco's Jewellery Boutique.
 71734 | Depths:2 | Found Xusyom's Book Emporium.
 71789 | Depths:2 | Found a one-way gate to the infinite horrors of the Abyss.
 71807 | Depths:2 | Noticed a caustic shrike
 71816 | Depths:2 | Killed a caustic shrike
 71893 | Depths:2 | Noticed a caustic shrike
 71904 | Depths:2 | Killed a caustic shrike
 71908 | Depths:2 | Noticed a caustic shrike
 71916 | Depths:2 | Noticed a caustic shrike
 71919 | Depths:2 | Killed a caustic shrike
 71924 | Depths:2 | Killed a caustic shrike
 71926 | Depths:2 | Noticed a caustic shrike
 71930 | Depths:2 | Killed a caustic shrike
 72886 | Depths:2 | Found a shimmering blue altar of Sif Muna.
 72939 | Depths:3 | Found an opulent altar of Gozag.
 72939 | Depths:3 | Found Gozag's Platinum Reserve.
 73214 | Depths:3 | Reached XP level 24. HP: 202/209 MP: 1/22
 73295 | Depths:3 | Found Qeyrooge's Antique Weapon Boutique.
 73304 | Depths:3 | Found Nubil's Weapon Boutique.
 73914 | Depths:4 | Found a sparkling altar of Nemelex Xobeh.
 73928 | Depths:4 | Found Hugiarad's Jewellery Boutique.
 73999 | Depths:4 | Received a gift from Trog
 74321 | Depths:4 | Found a gateway to a ziggurat.
 75303 | Depths:5 | Entered Level 5 of the Depths
 75321 | Depths:5 | Found a magical portal.
 75518 | Depths:5 | Found Sargherch's General Store.
 75636 | Depths:5 | Bought a potion of haste for 160 gold pieces
 75636 | Depths:5 | Bought a scroll of magic mapping for 56 gold pieces
 75732 | Depths:5 | Reached skill level 24 in Axes
 75788 | Depths:5 | Identified the +0 barding of Apathy {rElec rN+ Int+3}
 76354 | Depths:4 | Received a gift from Trog
 76865 | Depths:5 | Found a gate to the Realm of Zot.
 77795 | Vaults:5 | Entered Level 5 of the Vaults
 77798 | Vaults:5 | Noticed a dread lich
 77799 | Vaults:5 | Noticed Mennas
 77849 | Vaults:4 | Killed a dread lich
 78266 | Slime:1  | Entered Level 1 of the Pits of Slime
 78646 | Slime:3  | Gained mutation: You occasionally shout uncontrollably at
                  | your foes. [a shining eye]
 78766 | Slime:3  | Gained mutation: Your body often deteriorates upon taking
                  | damage. [a shining eye]
 78816 | Slime:5  | Entered Level 5 of the Pits of Slime
 79078 | Slime:3  | Gained mutation: You are dopey. (Int -2) [a shining eye]
 79083 | Slime:3  | Gained mutation: Your magical capacity is low. (-10% MP) [a
                  | shining eye]
 79157 | Slime:3  | Gained mutation: You tend to lose your temper in combat. [a
                  | shining eye]
 79158 | Slime:3  | Gained mutation: You are weak. (Str -2) [a shining eye]
 79217 | Slime:5  | Found a viscous altar of Jiyva.
 79217 | Slime:5  | Noticed the Royal Jelly
 79250 | Slime:5  | Killed the Royal Jelly
 79251 | Slime:5  | Reached skill level 15 in Throwing
 79251 | Slime:5  | Reached XP level 25. HP: 218/218 MP: 1/19
 79389 | Slime:5  | Identified the +0 troll leather armour of Qazlal's Anger
                  | {rElec rPois Will+ Regen+ Dex-3}
 79415 | Slime:5  | Identified the ring "Irotung" {Fire Int+3}
 79422 | Slime:5  | Identified the amulet "Bochofun" {Reflect Int+4 SH+5
                  | Stlth+}
 79425 | Slime:5  | Identified the +1 robe of Geaqedir {Int+2}
 79428 | Slime:5  | Got a slimy rune of Zot
 79477 | Slime:5  | Received a gift from Trog
 79572 | Slime:5  | Identified the +5 whip of the Underlurkers {venom, Str+6}
 80186 | D:15     | Bought a wand of mindburst (40) for 748 gold pieces
 80362 | Zot:1    | Entered Level 1 of the Realm of Zot
 82573 | Zot:1    | Identified the +0 barding of Ochapris {rCorr Dex+6}
 84427 | Zot:3    | Reached skill level 25 in Axes
 85703 | Zot:4    | Noticed an orb of fire
 85712 | Zot:4    | Gained mutation: You are clumsy. (Dex -2) [an orb of fire]
 85717 | Zot:4    | Gained mutation: You are strong-willed. (Will+) [an orb of
                  | fire]
 85725 | Zot:4    | Killed an orb of fire
 85779 | Zot:4    | Reached XP level 26. HP: 228/228 MP: 3/19
 85847 | Zot:5    | Entered Level 5 of the Realm of Zot
 85945 | Zot:5    | Received a gift from Trog
 87474 | D:15     | Lost mutation: You are weak. (Str -2) [potion of mutation]
 87474 | D:15     | Lost mutation: Your magical capacity is low. (-10% MP)
                  | [potion of mutation]
 87474 | D:15     | Lost mutation: You are dopey. (Int -2) [potion of mutation]
 87474 | D:15     | Gained mutation: You are resistant to electric shocks.
                  | (rElec) [potion of mutation]
 87474 | D:15     | Gained mutation: You passively dampen the noise of your
                  | surroundings. [potion of mutation]
 87475 | D:15     | Lost mutation: You are clumsy. (Dex -2) [potion of
                  | mutation]
 87475 | D:15     | Lost mutation: You are strong-willed. (Will+) [potion of
                  | mutation]
 87475 | D:15     | Gained mutation: You have a pair of large horns on your
                  | head. [potion of mutation]
 87751 | Vaults:3 | Lost mutation: You occasionally shout uncontrollably at
                  | your foes. [potion of mutation]
 87751 | Vaults:3 | Lost mutation: Your body often deteriorates upon taking
                  | damage. [potion of mutation]
 87751 | Vaults:3 | Lost mutation: Your body sometimes deteriorates upon taking
                  | damage. [potion of mutation]
 87751 | Vaults:3 | Gained mutation: You are very frail. (-20% HP) [potion of
                  | mutation]
 88410 | D:8      | Lost mutation: You are very frail. (-20% HP) [potion of
                  | mutation]
 88410 | D:8      | Lost mutation: You are frail. (-10% HP) [potion of
                  | mutation]
 88410 | D:8      | Lost mutation: You have a pair of large horns on your head.
                  | [potion of mutation]
 88410 | D:8      | Gained mutation: You expend magic power (3 MP) to
                  | strengthen your wands. [potion of mutation]
 88411 | D:8      | Lost mutation: You passively dampen the noise of your
                  | surroundings. [potion of mutation]
 88411 | D:8      | Lost mutation: You expend magic power (3 MP) to strengthen
                  | your wands. [potion of mutation]
 88411 | D:8      | Lost mutation: You tend to lose your temper in combat.
                  | [potion of mutation]
 88411 | D:8      | Gained mutation: Your spells are a little easier to cast,
                  | but a little less powerful. [potion of mutation]
 88411 | D:8      | Gained mutation: You tend to lose your temper in combat.
                  | [potion of mutation]
 88411 | D:8      | Gained mutation: You have sharp toenails. [potion of
                  | mutation]
 89669 | Elf:3    | Identified the +0 robe of the Ward {-Cast rCorr Dex+3}
 89914 | Elf:3    | Identified the +3 rapier of the Thing {drain, Int+3}
 89916 | Elf:3    | Identified the +4 morningstar of Huawieh {holy, Will+}
 89917 | Elf:3    | Identified the +8 broad axe of the Witching Traitor
                  | {freeze, Int+4}
 89918 | Elf:3    | Identified the +4 falchion of Tartarus {spect, *Rage MP+9
                  | Int+4}
 89918 | Elf:3    | Identified the ring "Tuucw" {Contam rC+ rN++ AC+4}
 90485 | D:15     | Bought a wand of acid (25) for 986 gold pieces
 90485 | D:15     | Bought a wand of acid (25) for 986 gold pieces
 90485 | D:15     | Bought a wand of mindburst (40) for 748 gold pieces
 91197 | Zot:5    | Noticed a dread lich
 91202 | Zot:5    | Noticed an ancient lich
 91207 | Zot:5    | Killed a dread lich
 91214 | Zot:5    | Killed an ancient lich
 91215 | Zot:5    | Reached XP level 27. HP: 255/266 MP: 1/22
 91258 | Zot:5    | Reached skill level 26 in Axes
 91346 | Zot:5    | Noticed an orb of fire
 91347 | Zot:5    | Noticed an orb of fire
 91347 | Zot:5    | Gained mutation: You have a pair of large horns on your
                  | head. [an orb of fire]
 91349 | Zot:5    | Noticed an ancient lich
 91363 | Zot:5    | Killed an orb of fire
 91369 | Zot:5    | Killed an orb of fire
 91386 | Zot:5    | Killed an ancient lich
 91717 | Zot:5    | Noticed an orb of fire
 91730 | Zot:5    | Killed an orb of fire
 91732 | Zot:5    | Got the Orb of Zot
 91775 | Zot:5    | Noticed Yddacum the pandemonium lord
 91786 | Zot:5    | Killed Yddacum the pandemonium lord
 91848 | Zot:4    | Noticed Duor the pandemonium lord
 91848 | Zot:4    | Noticed an ancient lich
 91978 | Depths:5 | Noticed a seraph
 92127 | Depths:2 | Noticed Juoptoiz the pandemonium lord
 92347 | D:7      | Noticed Xosos the pandemonium lord
 92560 | D:$      | Escaped with the Orb!

Illustrated notes

Levels and vault maps discovered:
D:1:      dpeg_arrival_arbitrary_c, layout_basic,
          dreamdust_ecumenical_altar_statues, serial_shops,
          nicolae_shop_window_shopping
D:2:      layout_basic
D:3:      layout_basic, grunt_ministairs_15, minivault_25,
          minmay_misc_feat_columns, minmay_misc_feat_hallway, nrook_campfire,
          saegor_snake_ambush
D:4:      layout_cave_pools, enter_ossuary_4, nicolae_stop_n_shop_1,
          st_stairs_14, minmay_crossroads
D:5:      layout_basic, gammafunk_temple_overflow_elements, xom_butterflies,
          uniq_pikel
D:6:      layout_basic, mainiacjoe_overflow_swirl, uniq_crazy_yiuf_cottage
D:7:      layout_loops_cross, nicolae_dithmenos_the_darkroom,
          minmay_temple_entry_glass, hex_medium, kennysheep_nub,
          corexii_hall_statues_i, grunt_ministairs_1
D:8:      layout_cave_pools, grunt_lair_entry_orc_guard_hut, serial_shops,
          nicolae_shop_window_shopping, uniq_joseph
D:9:      layout_loops_cross, minmay_orc_entry_guard_dogs
D:10:     layout_cave_pods, uniq_josephine
D:11:     layout_roguey, serial_shops, nicolae_lakefront_shop,
          minmay_sticks_and_stones, uniq_nergalle
D:12:     layout_loops_ring, kennysheep_generic_room_6
D:13:     layout_roguey, grunt_vaults_entry_fortified, kennysheep_potato,
          uniq_kirke
D:14:     layout_irregular_city, okawaru_metal_pillars_1_2, serial_shops, shop,
          uniq_jorgrun
D:15:     grunt_enter_depths_snipers, layout_irregular_city,
          ebering_dispersal_statue_hall, nicolae_shop_overcharged_wands
Temple:   compressed_dpeg_circular_temple
Lair:1:   layout_misc_corridors, grunt_megastairs_2, lemuel_fruit_tree
Lair:2:   layout_hall_layers, swamp_mist
Lair:3:   layout_chaotic_city, minmay_stone_trees_small
Lair:4:   layout_cave_pods, guppyfry_snake_entry_island, basic_altar,
          ebering_ghost_disaster_area, minmay_lair_oklob_chamber, uniq_nessos
Lair:5:   layout_regular_city, dpeg_slime_entry_enclosed_altar,
          grunt_megastairs_5
Lair:6:   due_jungle_book, layout_regular_city, infiniplex_staircase_pool_2
Swamp:1:  layout_falls_marsh, evilmike_swamp_ruin_house_4, swamp_pool4,
          cheibrodos_swamp_minitomb, infiniplex_staircase_pool
Swamp:2:  layout_basic_swamp, hangedman_swamp_blocks, uniq_louise
Swamp:3:  layout_basic_swamp, serial_swamp_ruin, evilmike_swamp_ruin_house_2,
          evilmike_swamp_ruin_house_5, evilmike_swamp_ruin_rubble_2
Swamp:4:  swamp_basic_johnstein, layout_basic_swamp, grunt_witch_cave
Snake:1:  layout_rooms, minmay_shop_enchanted_jewellery, serial_bayou_shore_b
Snake:2:  layout_grid_shapes, nicolae_snake_lava_pool, uniq_vashnia
Snake:3:  layout_cave_town, serial_shops, freezing_bzr, serial_bayou_shore_b,
          uniq_aizul
Snake:4:  hellmonk_snake_rune_quicksilver_temple, layout_misc_corridors,
          serial_shops, bzr_entry_water, st_stairs_1,
          nicolae_snake_biting_tails, serial_bayou_pond_d, drop_trap,
          serial_bayou_shore_b, uniq_roxanne, uniq_donald
Slime:1:  layout_caves
Slime:2:  layout_caves, nicolae_slime_phagocytosis
Slime:3:  layout_caves
Slime:4:  layout_caves
Slime:5
Orc:1:    layout_caves, serial_shops, nicolae_shop_stone
Orc:2:    grunt_orc_tribal_feast, layout_caves, elf_legates
Elf:1:    nicolae_elf_arrival_aired_out, layout_loops_cross, serial_shops, shop,
          nrook_loot_triangle, uniq_frances
Elf:2:    nicolae_elf_blades_crystal_corner, layout_rooms, serial_shops,
          nicolae_shop_stone, minivault_4
Elf:3:    grunt_elf_hall_asides, layout_gridlike
Vaults:1: hangedman_vaults_variations, vaults_room_corners, v_misc_23,
          nicolae_vaults_network_periphery, nicolae_vaults_little_squares_2,
          v_misc_18, ontoclasm_vaults_tryst, nicolae_vaults_little_ls,
          layout_vaults_omnibox
Vaults:2: special_room_vaults [special_room_orc], ontoclasm_vaults_pinch,
          v_misc_11, minmay_crypt_entry_simple_box,
          vaults_room_grunt_arrival_ludios, v_misc_18, v_misc_10,
          dpeg_vaults_monster_row, v_rooms_5, nicolae_vaults_asterisk,
          nicolae_vaults_rhombus_7, vaults_room_pool, grunt_vaults_focal,
          serial_ice_m, vaults_room_stairs_pillars, v_misc_19,
          layout_vaults_big_cross
Vaults:3: v_misc_16, st_hourglassy, v_misc_1, v_misc_30, v_pattern_5,
          vaults_room_hallway, vaults_dpeg_diagonal, v_alt_pattern_6,
          vaults_mumra_minichess_inversion, ontoclasm_vaults_gateway,
          vaults_room_stairs_pillars, hangedman_vaults_corner,
          ontoclasm_vaults_misaligned, serial_ice_m, layout_vaults_maze,
          serial_shops, nicolae_lakefront_shop
Vaults:4: grunt_vaults_bifocal, vaults_room_hallway,
          nicolae_vaults_diagonal_hallway_6, nicolae_vaults_little_squares_5,
          v_misc_12, v_misc_31, hangedman_vaults_cutoff, v_misc_24,
          nicolae_vaults_little_squares_3, layout_vaults_big_room,
          nicolae_trove_entry_crystal, serial_shops, nicolae_diamond_shop,
          uniq_sojobo
Vaults:5: uniq_mennas, uniq_margery
Crypt:1:  layout_misc_corridors, grunt_crypt_arrival_split, grunt_megastairs_3,
          lemuel_upstairs_altar
Crypt:2:  layout_gridlike, gammafunk_ghost_crypt, feat_on_display
Crypt:3:  grunt_crypt_end_deaths_head
Depths:1: layout_cave_pools, hell_entry, gammafunk_ghost_abyssal_escape,
          hex_large, minmay_door_square, guppyfry_shop_blood, uniq_saint_roka,
          uniq_enchantress
Depths:2: minmay_outward_triangles, layout_gridlike,
          hangedman_abyss_entry_splay, pan_entry, hell_entry,
          chequers_serial_rivers_marsh, lemuel_blue_sif_altar,
          minmay_staircase_bubble, minmay_shop_grove
Depths:3: kennysheep_six_static_rooms, layout_twisted_cross,
          pf_hell_entry_great_geh, nicolae_gozag_zags_fifth_avenue,
          grunt_pan_entry_in_and_out, chequers_serial_rivers_small_a,
          minmay_shop_star, serial_bayou_shore_b
Depths:4: gammafunk_depths_water_palace, layout_cave_pools, enter_ziggurat_c,
          serial_shops, nicolae_shop_stone, hell_entry, hangedman_decor_growths,
          nicolae_abyss_entry_one_way_or_another,
          nemelex_xobeh_ov_fountains_minmay
Depths:5: grunt_zot_entry_alcove, layout_gridlike, serial_shops,
          nicolae_shop_stone, minmay_misc_feat_four_crosses, pan_entry,
          pf_hell_entry_tar_river, infiniplex_enter_wizlab_spiral
Zot:1:    layout_cathedral_of_symmetry
Zot:2:    layout_onion_interference
Zot:3:    layout_cellular_growth, grunt_ministairs_15
Zot:4:    grunt_twist_and_shout, layout_cathedral_of_symmetry
Zot:5:    layout_basic

Skill      XL: |  1  2  3  4  5  6  7  8  9 10 11 12 13 14 15 16 17 18 19 20 21 22 23 24 25 26 27 |
---------------+----------------------------------------------------------------------------------+-----
Fighting       | 4 5 6 7 9 10 12 13 14 16 17 18 19 20 21 22 23 24 25 | 25.6
Axes           | 4 5 6 7 10 14 15 16 17 18 19 20 21 22 23 24 25 26 | 26.0
Armour         | 3 4 5 6 7 8 10 12 13 14 15 16 17 18 19 20 21 22 23 24 25 | 25.6
Dodging        | 3 4 5 6 7 9 11 12 13 14 15 16 18 | 18.8
Evocations     | 4 5 8 10 12 13 14 15 16 17 18 19 | 19.5
Throwing       | 5 8 9 11 12 13 15 | 15.9

Action                   |  1- 3 |  4- 6 |  7- 9 | 10-12 | 13-15 | 16-18 | 19-21 | 22-24 | 25-27 || total
-------------------------+-------+-------+-------+-------+-------+-------+-------+-------+-------++-------
Melee: Hand axe          |    84 |   148 |   239 |       |       |       |       |       |       ||   471
       Headbutt          |     8 |    35 |    58 |    98 |   243 |   293 |   406 |   558 |   369 ||  2068
       Battleaxe         |       |       |    24 |   379 |   728 |   949 |  1163 |  1480 |   614 ||  5337
       Morningstar       |       |       |       |     9 |     6 |     9 |       |       |       ||    24
       Flail             |       |       |       |       |    15 |       |       |       |       ||    15
       Executioner's axe |       |       |       |       |       |       |       |    68 |   472 ||   540
Throw: Boomerang         |       |       |       |       |       |     2 |     1 |     3 |     3 ||     9
Invok: Berserk           |     1 |     3 |     7 |    13 |    15 |    15 |    12 |    12 |     4 ||    82
       Trog's Hand       |       |     3 |     4 |    10 |     7 |    15 |    15 |     8 |     9 ||    71
       Brothers in Arms  |       |       |       |     4 |     4 |     7 |    19 |    13 |     6 ||    53
Evoke: Wand              |       |       |     9 |    14 |    48 |    15 |    17 |    37 |   112 ||   252
       Phial of floods   |       |       |       |       |       |       |     1 |     1 |     2 ||     4
       Box of beasts     |       |       |       |       |       |       |       |     2 |       ||     2
       Lightning rod     |       |       |       |       |       |       |       |       |     2 ||     2
       Condenser vane    |       |       |       |       |       |       |       |       |     1 ||     1
  Use: Potion            |     1 |       |     2 |     4 |     6 |     4 |     4 |     2 |    17 ||    40
       Scroll            |     5 |     6 |     8 |     7 |    16 |    23 |    12 |    14 |    13 ||   104
 Stab: Distracted        |       |       |       |       |     1 |     2 |     1 |     3 |     2 ||     9
       Paralysed         |       |       |       |       |     3 |       |       |       |       ||     3
       Confused          |       |       |       |       |       |       |       |       |     1 ||     1
Armor: Animal skin       |     7 |       |       |       |       |       |       |       |       ||     7
       Ring mail         |    13 |    34 |       |       |       |       |       |       |       ||    47
       Plate armour      |       |    43 |   192 |   234 |   401 |   498 |   641 |   966 |   765 ||  3740
Dodge: Dodged            |    54 |    52 |   136 |   241 |   768 |   820 |   748 |  1020 |   762 ||  4601
